AoeStats
← Forms

Arabia

509454163Analyzed
1v1 RM · 5d ago on Sep 26, 2026· 44m 33s· 2 players
Game mode
Random Map
Map size
Tiny (2 player)
Population
200
Speed
Normal
Resources
Standard
Victory
Conquest
Starting age
Dark Age
Ending age
Imperial Age
RankedLock teamsTeams togetherTeam positionsShared explorationLock speedFull tech treeHidden civsTurbo modeCheats
Victory
Defeat
🇩🇪 Hindustanis · Germany
942
+19
🇧🇷 Khitans · Brazil
999
-19
Lance
7:12 Loom
9:23 Feudal Age
9:57 Double-Bit Axe
9:54 Horse Collar
21:33 Castle Age
21:25 Bloodlines
22:27 Bow Saw
23:03 Husbandry
26:30 Wheelbarrow
26:18 Scale Barding Armor
30:35 Heavy Plow
33:09 Elite Skirmisher
34:10 Thumb Ring
34:56 Ballistics
34:35 Pikeman
35:16 Squires
36:46 Fletching
37:07 Forging
39:34 Bodkin Arrow
39:45 Scale Mail Armor
44:10 Imperial Age
44:58 Bracer
44:59 Padded Archer Armor
Forms
6:34 Loom
9:32 Feudal Age
10:20 Double-Bit Axe
16:35 Domestication
18:36 Wheelbarrow
21:19 Forging
21:06 Town Watch
23:54 Castle Age
22:12 Scale Barding Armor
22:07 Gold Mining
23:17 Fletching
23:28 Padded Archer Armor
25:04 Husbandry
24:26 Light Cavalry
25:50 Pikeman
27:22 Heavy Cavalry Archer
29:30 Bodkin Arrow
31:39 Hand Cart
32:47 Iron Casting
34:10 Squires
35:31 Scale Mail Armor
38:54 Chain Barding Armor
39:29 Thumb Ring
Connection lost

Rejoining the realm…

Still unreachable

The connection could not be restored.

Session expired

The server has moved on; the page needs a fresh start.